 Dungeon Crawl Stone Soup version 0.28-a0-1190-g77e1c55843 (webtiles) character file.

Game seed: 15763620315390349567

53 ders the Magician (level 4, -2/33 HPs)
             Began as a Djinni Fire Elementalist on Dec 18, 2021.
             Was an Initiate of Elyvilon.
             Slain by an adder (4 damage)
             ... on level 2 of the Dungeon.
             The game lasted 00:03:03 (2892 turns).

ders the Magician (Djinni Fire Elementalist)        Turns: 2892, Time: 00:03:04

Health: -2/33      AC:  2    Str:  7    XL:     4   Next: 10%
Gold:   51         EV: 12    Int: 19    God:    Elyvilon [......] SH:  0 Dex: 13

rFire   + + .      SeeInvis .   (no weapon)
rCold   x . .      Faith    .   (no shield)
rNeg    . . .      Spirit   .   a - +0 robe
rPois   ∞          Reflect  .   (no helmet)
rElec   .          Harm     .   (no cloak)
rCorr   .          Rampage  .   (no gloves)
Will    .....                   (boots unavailable)
Stlth   ++........              (no amulet)
HPRegen 0.11/turn               (no ring)
MPRegen 0.00/turn               (no ring)

@: flying
A: sickness immunity, fire resistance 2, cold vulnerability 1, float, innate
caster, hp casting, extra vitality 1
a: Renounce Religion


You were on level 2 of the Dungeon.
You worshipped Elyvilon.
Elyvilon was noncommittal.
You visited 1 branch of the dungeon, and saw 2 of its levels.

You collected 51 gold pieces.

Inventory:

Armour
 a - a +0 robe (worn)
Scrolls
 b - a scroll of amnesia {unknown}
 d - a scroll of enchant weapon {unknown}
Potions
 c - a potion of heal wounds {unknown}
 e - a potion of mutation {unknown}


   Skills:
 + Level 1.6 Fighting
 - Level 2.1 Dodging
 - Level 1.5 Stealth
 * Level 3.3 Spellcasting


You couldn't memorise any spells.
You knew the following spells:

 Your Spells              Type           Power      Damage    Failure   Level
a - Foxfire               Conj/Fire      60%        2x1d7     3%          1
b - Scorch                Fire           30%        2d6       6%          2
c - Conjure Flame         Conj/Fire      15%        6-21      12%         3
d - Inner Flame           Hex/Fire       15%        N/A       12%         3
e - Flame Wave            Conj/Fire      15%        2d5       36%         4
f - Pain                  Necr           60%        1d7       3%          1
Your spell library was empty.

Dungeon Overview and Level Annotations

Branches:
Dungeon (2/15)

Altars:
Elyvilon


Innate Abilities, Weirdness & Mutations

You are immune to sickness and miasma.
You are immune to poison.
Your flesh is very heat resistant. (rF++)
You are vulnerable to cold. (rC-)
You float through the air rather than walking.
You learn spells naturally, not from books.
Your magical power is your life essence.
You have superior vitality. (+4 HP)


Message History

Casting: Conjure Flame (quite dangerous; 12% risk of failure)
Confirm with . or Enter, or press ? or * to list all spells.
The fire ignites!
You are engulfed in blazing flames.
You resist.
* * * LOW HITPOINT WARNING * * *
The adder bites you.
* * * LOW HITPOINT WARNING * * *
Casting: Conjure Flame (quite dangerous; 12% risk of failure)
Confirm with . or Enter, or press ? or * to list all spells.
You don't have enough health to cast this spell.
Your magical contamination has completely faded away.
There is a stone staircase leading up here.
Casting: Conjure Flame (quite dangerous; 12% risk of failure)
Confirm with . or Enter, or press ? or * to list all spells.
Okay, then.
You see here a +0 dagger.
The adder closely misses you.
Casting: Conjure Flame (quite dangerous; 12% risk of failure)
Confirm with . or Enter, or press ? or * to list all spells.
Flames lash the adder.
The adder is heavily wounded.
The adder's fire resistance burns away.
* * * LOW HITPOINT WARNING * * *
The adder barely misses you. The adder closely misses you.
Casting: Scorch (safe; 6% risk of failure)
Confirm with . or Enter, or press ? or * to list all spells.
You conjure some foxfire!
* * * LOW HITPOINT WARNING * * *
The adder is no longer more vulnerable to fire.
The adder closely misses you.
The foxfire hits the adder.
The adder is heavily wounded.
The foxfire hits the adder.
The adder is almost dead.
The adder bites you but does no damage.
Casting: Foxfire (safe; 3% risk of failure)
Confirm with . or Enter, or press ? or * to list all spells.
You don't have enough health to cast this spell.
The adder bites you.
You die...

#.# #.[)###.#.. #...
#.# #.##.#.##.......
#.# #.###.#####.....
#.# #.........######
#.# #.####.#######.#
#.# #......#
#.########..#
#...........#
##.#......@..#
#..#.######S## #..#.#
#.# #..#.# ##.#
##..#<# #..#
#####...#)#####.##
#.......#.......§##
#.###...#####.###.####
#.# #........## ##...#


You could see an adder.

Vanquished Creatures
  An adder (D:2)
  A worm (D:2)
  2 ball pythons
  6 bats
  5 endoplasms
  A giant cockroach (D:2)
  5 goblins
  3 hobgoblins (D:2)
  3 quokkas
  5 frilled lizards
  2 kobolds (D:1)
  5 rats
39 creatures vanquished.

Vanquished Creatures (collateral kills)
  5 foxfires (D:1)
5 creatures vanquished.

Vanquished Creatures (others)
  143 foxfires
  3 plants (D:1)
146 creatures vanquished.

Grand Total: 190 creatures vanquished

Notes
Turn   | Place    | Note
-------+----------+-------------------------------------------
     0 | D:1      | ders the Djinni Fire Elementalist began the quest for the
                  | Orb.
     0 | D:1      | Reached XP level 1. HP: 15/15 MP: 0/0
   492 | D:1      | Reached XP level 2. HP: 21/22 MP: 0/0
   997 | D:1      | Reached skill level 1 in Fighting
  1151 | D:1      | Found a faded altar of an unknown god.
  1388 | D:1      | Reached XP level 3. HP: 26/27 MP: 0/0
  1388 | D:1      | Learned a level 1 spell: Pain
  1642 | D:2      | Reached skill level 3 in Spellcasting
  2631 | D:2      | Reached XP level 4. HP: 31/32 MP: 0/0
  2715 | D:2      | Found a white marble altar of Elyvilon.
  2758 | D:2      | Became a worshipper of Elyvilon the Healer
  2864 | D:2      | HP: 1/33 [adder (3)]
  2892 | D:2      | Slain by an adder

Illustrated notes

Levels and vault maps discovered:
D:1:      matt_arrival_los_fun, layout_basic, basic_ecumenical_altar,
          grunt_decor_clamped, chequers_big_river
D:2:      layout_loops_ring, basic_altar

Skill      XL: |  1  2  3 |
---------------+----------+-----
Fighting       | 1 |  1.6
Spellcasting   | 3 |  3.3
Dodging        | |  2.1
Stealth        | |  1.5

Action                   |  1- 3 |  4- 6 || total
-------------------------+-------+-------++-------
 Cast: Foxfire           |    85 |    10 ||    95
       Conjure Flame     |     2 |     3 ||     5
       Scorch            |     1 |     2 ||     3
Armor: Robe              |     2 |     1 ||     3
Dodge: Dodged            |     6 |     6 ||    12

Table legend: (Time is in decaauts)
 A = Elapsed time spent in this place.
 B = Non-inter-level travel time spent in this place.
 C = Inter-level travel time spent in this place.
 D = Time resting spent in this place.
 E = Time spent auto-exploring this place.
 F = Levels seen in this place.
 G = Mean time per level.
                   A        B        C        D        E       F      G
               +--------+--------+--------+--------+--------+-----+--------+
         Total |   2891 |   2879 |     12 |    191 |   2381 |   2 | 1445.5 |
       Dungeon |   2891 |   2879 |     12 |    191 |   2381 |   2 | 1445.5 |
               +--------+--------+--------+--------+--------+-----+--------+

Top non-repeatable levels by time:
     D:1: 1635 daAuts
     D:2: 1256 daAuts
